Map: [ESL] Tropical Sacrifice

Players

Astrea

  • Race: Protoss Protoss
  • Spawn Location: 7:00

Lambo - Winner!

  • Race: Zerg Zerg
  • Spawn Location: 1:00

Event: DreamHack SC2 Masters 2022 Atlanta (Offline)

VOD

Have the link to the VOD?

Description

Time

  • Played on: Nov. 19, 2022, 10:39 a.m.
  • Length: 12:35

All games in this series

Show
View Real Time Build Order
Export as new Build Order

Astrea Protoss 

Build Orders: 1 Gate Expand, Blink Stalkers 

Get SALT Encoding   

  12  0:00  Probe  
  13  0:12  Probe  
  14  0:17  Pylon  
  14  0:24  Probe (Chrono Boost)  
  16  0:36  Probe (Chrono Boost)  
  16  0:40  Gateway  
  16  0:43  Probe (Chrono Boost)  
  17  0:51  Probe  
  17  0:52  Assimilator  
  18  1:03  Probe  
  19  1:15  Probe  
  20  1:25  Nexus  
  20  1:28  Probe  
  21  1:38  Cybernetics Core  
  21  1:45  Assimilator  
  21  1:47  Probe  
  21  1:53  Pylon  
  22  1:59  Probe (Chrono Boost)  
  23  2:11  Probe (Chrono Boost)  
  23  2:12  Adept (Chrono Boost)  
  23  2:15  Warp Gate  
  26  2:20  Probe (Chrono Boost)  
  27  2:23  Twilight Council  
  27  2:25  Probe  
  28  2:33  Stalker (Chrono Boost)  
  30  2:37  Probe  
  30  2:41  Probe  
  32  2:49  Probe  
  33  2:53  Probe  
  33  2:55  Robotics Facility  
  34  3:02  Probe  
  34  3:05  Probe  
  36  3:13  Blink (Chrono Boost)  
  36  3:15  Probe, Gateway  
  36  3:17  Probe  
  38  3:25  Adept  
  40  3:27  Probe  
  40  3:29  Probe  
  42  3:37  Pylon  
  42  3:39  Probe  
  42  3:41  Warp Prism (Chrono Boost), Probe  
  46  3:52  Pylon  
  46  3:55  Probe x2  
  48  4:04  Adept  
  48  4:07  Probe, Assimilator  
  48  4:09  Adept  
  53  4:14  Observer  
  54  4:22  Gateway  
  54  4:23  Gateway  
  54  4:26  Gateway  
  54  4:27  Gateway  
  54  4:37  Gateway  
  54  4:44  Stalker  
  54  4:45  Stalker  
  58  4:51  Pylon  
  58  4:54  Pylon  
  58  5:03  Pylon  
  58  5:10  Stalker x2  
  62  5:16  Pylon  
  62  5:18  Stalker x2  
  66  5:29  Stalker x2  
  66  5:31  Observer  
  70  5:36  Stalker x3  
  76  5:43  Stalker x2  
  76  5:44  Pylon  
  80  5:52  Pylon  
  80  5:54  Observer, Stalker x2  
  84  6:07  Stalker x3  
  84  6:11  Stalker  
  90  6:17  Adept  
  92  6:23  Stalker x2  
  90  6:30  Stalker  
  90  6:38  Stalker x2  
  90  6:39  Zealot  
  94  6:49  Adept  
  94  6:50  Stalker x2  
  100  6:59  Pylon  
  100  7:03  Stalker x2  
  104  7:15  Stalker x3  
  108  7:17  Observer  
  108  7:19  Pylon  
  106  7:32  Gateway  
  106  7:35  Zealot  
  106  7:36  Adept  
  110  7:43  Observer  
  110  7:45  Stalker x3  
  106  7:59  Stalker x3  
  112  8:06  Observer  
  112  8:07  Zealot  
  112  8:08  Zealot x2  
  118  8:17  Stalker  
  120  8:22  Pylon  
  120  8:30  Pylon  
  120  8:31  Pylon  
  120  8:32  Stalker x2  
  124  8:41  Stalker x2  
  124  8:52  Stalker x2  
  128  9:00  Observer  
  126  9:03  Stalker x2  
  128  9:19  Stalker x2  
  128  9:20  Stalker  
  128  9:22  Zealot  
  136  9:25  Pylon  
  128  9:35  Stalker x2  
  130  9:46  Stalker x2  
  127  9:56  Stalker  
  119  10:24  Nexus  
  112  10:39  Pylon  
  112  10:40  Cybernetics Core  
  112  10:41  Observer  
  113  10:48  Zealot x5  
  113  10:49  Zealot  
  113  11:08  Probe  
  106  11:15  Robotics Bay  
  106  11:16  Stalker x4  
  105  11:25  Probe x2 (Chrono Boost)  
  104  11:30  Stalker  
  98  11:37  Probe (Chrono Boost)  
  88  11:49  Probe (Chrono Boost)  
  88  11:51  Probe (Chrono Boost)  
  89  11:57  Probe (Chrono Boost)  
  89  12:00  Probe (Chrono Boost)  
  89  12:01  Probe (Chrono Boost)  
  91  12:04  Disruptor (Chrono Boost)  
  91  12:05  Probe (Chrono Boost)  
  91  12:17  Probe  
  91  12:20  Probe  
  83  12:25  Stalker  
Show
View Real Time Build Order
Export as new Build Order

Lambo Zerg - Winner!

Build Orders: Hatch First 

Get SALT Encoding   

  12  0:00  Drone  
  13  0:13  Overlord  
  13  0:18  Drone  
  14  0:31  Drone x2  
  16  0:46  Drone  
  17  0:54  Hatchery  
  17  0:56  Drone  
  17  0:59  Drone  
  18  1:11  Extractor  
  17  1:16  Spawning Pool  
  16  1:20  Drone  
  16  1:25  Drone  
  18  1:29  Drone  
  19  1:39  Drone  
  20  1:53  Overlord  
  20  2:03  Queen  
  20  2:06  Queen  
  20  2:07  Zergling x2, Drone  
  26  2:15  Metabolic Boost  
  26  2:16  Zergling x2  
  26  2:18  Drone  
  28  2:24  Drone  
  28  2:27  Drone  
  30  2:33  Drone  
  31  2:44  Hatchery  
  31  2:50  Queen  
  32  2:53  Overlord  
  32  2:55  Drone  
  32  2:58  Zergling x2  
  34  3:01  Drone  
  35  3:07  Spore Crawler  
  35  3:11  Drone x2  
  36  3:13  Queen  
  36  3:16  Overlord  
  38  3:20  Drone  
  38  3:22  Drone  
  38  3:24  Drone  
  38  3:26  Drone  
  38  3:27  Drone  
  43  3:29  Drone  
  44  3:35  Drone  
  44  3:36  Overlord  
  44  3:39  Drone  
  46  3:42  Queen  
  46  3:44  Drone  
  49  3:50  Roach Warren  
  49  3:52  Drone  
  49  3:54  Drone x2  
  51  4:02  Queen  
  51  4:04  Drone  
  51  4:05  Drone  
  55  4:10  Zergling x8  
  55  4:12  Overlord  
  59  4:17  Overlord  
  58  4:27  Zergling x12  
  58  4:30  Overlord  
  64  4:32  Spore Crawler  
  63  4:41  Drone x6  
  63  4:43  Spore Crawler  
  68  4:46  Drone  
  68  4:50  Extractor  
  68  4:56  Drone x2  
  68  4:58  Zergling x4  
  68  4:59  Extractor  
  71  5:06  Drone  
  72  5:08  Drone  
  72  5:09  Drone  
  72  5:11  Roach x5  
  84  5:21  Roach x2  
  88  5:29  Overlord x2  
  88  5:31  Overlord  
  88  5:33  Overlord  
  88  5:35  Roach, Overlord x2  
  90  5:38  Overlord  
  90  5:40  Overlord  
  90  5:41  Overlord  
  90  5:48  Roach  
  90  5:49  Roach x4  
  100  5:52  Ravager  
  100  5:54  Roach  
  103  5:57  Overlord  
  103  5:59  Roach x3  
  103  6:02  Roach x2  
  103  6:03  Zergling x2  
  112  6:13  Drone x2  
  112  6:17  Zergling x12, Ravager  
  112  6:18  Queen, Ravager  
  120  6:23  Zergling x2  
  116  6:29  Ravager  
  116  6:30  Zergling x12  
  118  6:32  Zergling x2  
  118  6:33  Zergling x2, Extractor  
  118  6:39  Zergling x4  
  117  6:42  Ravager  
  117  6:45  Roach  
  116  6:54  Queen x2  
  110  6:59  Roach x6  
  124  7:03  Roach x2  
  124  7:07  Zergling x2  
  127  7:11  Zergling x2  
  121  7:17  Roach x2  
  121  7:22  Roach  
  126  7:23  Lair  
  126  7:24  Drone x2  
  129  7:30  Roach x3  
  129  7:35  Zergling x4  
  133  7:37  Drone  
  133  7:42  Ravager  
  135  7:44  Roach  
  135  7:45  Roach  
  135  7:49  Hatchery  
  138  7:52  Roach  
  138  7:54  Roach  
  138  7:55  Roach x2  
  139  7:58  Roach x3  
  139  7:59  Roach  
  139  8:02  Zergling x6  
  144  8:05  Zergling x4  
  144  8:06  Ravager  
  141  8:13  Zergling x4  
  141  8:17  Ravager  
  142  8:22  Zergling x6  
  145  8:27  Roach x4  
  145  8:28  Glial Reconstitution  
  145  8:29  Drone  
  145  8:30  Overlord  
  145  8:31  Overlord  
  145  8:32  Overlord  
  154  8:36  Overlord  
  154  8:40  Zergling x6  
  153  8:44  Zergling x2  
  153  8:45  Ravager  
  153  8:48  Zergling x4  
  153  8:52  Roach x2  
  153  8:53  Roach x2  
  161  9:02  Roach x5  
  169  9:04  Ravager  
  169  9:06  Overlord  
  166  9:10  Roach x2  
  166  9:13  Zergling x4  
  164  9:21  Roach x4  
  171  9:27  Roach x3  
  171  9:32  Roach x2  
  171  9:34  Overseer  
  171  9:36  Roach x2  
  179  9:40  Ravager  
  179  9:43  Zergling x8  
  179  9:54  Roach x6  
  179  9:57  Zergling x6  
  190  10:03  Roach x3  
  192  10:09  Roach x3  
  198  10:14  Roach  
  198  10:21  Roach x4  
  192  10:26  Zergling x8, Roach  
  184  10:34  Zergling x10  
  180  10:40  Zergling x4  
  182  10:44  Drone  
  182  10:49  Ravager  
  184  10:56  Zergling x4  
  183  10:57  Overlord  
  183  11:03  Roach x4  
  179  11:07  Roach x3  
  182  11:14  Roach  
  183  11:21  Roach x4  
  191  11:25  Drone  
  192  11:38  Zergling x4  
  192  11:39  Overseer  
  192  11:40  Overlord  
  192  11:43  Overlord x2  
  192  11:45  Overlord  
  182  11:50  Zergling x26  
  182  11:53  Hatchery  
  179  11:57  Zergling x6  
  179  11:58  Overseer  
  181  12:01  Roach x2  
  178  12:09  Roach  
  178  12:11  Roach x2  
  178  12:14  Roach  
  178  12:15  Roach x2  
Tags
 
Add a new tag
Caveats
  • Supply blocks, unpowered buildings, or Contaminate may cause inaccurate times.
  • Supply counts are checked every 10 seconds.